Colorado Rockies vs Edmonton Oilers

Created - Saturday, February 28, 2026 at 07:02

Goals
1 2 3 T
Colorado Rockies 0 0 1 1
Edmonton Oilers 0 1 2 3
Shots
1 2 3 T
Colorado Rockies 7 10 11 28
Edmonton Oilers 12 13 19 44

1st period

No Goal

Penalties :
Tim Stutzle (COL) for Tripping (Minor) at 7:34, Scott Mayfield (EDM) for Cross-checking (Minor) at 11:35

2nd period

1. Edmonton Oilers , Jake DeBrusk 14 (Connor McMichael 17, Brock Boeser 23) at 2:44 (PP)

Penalties :
Jesper Bratt (COL) for Slashing (Minor) at 2:33, Adrian Kempe (EDM) for Tripping (Minor) at 8:01, David Pastrnak (COL) for Tripping (Minor) at 17:00

3rd period

2. Edmonton Oilers , Evan Bouchard 3 (Adrian Kempe 27, Brock Boeser 24) at 3:55 (PP)
3. Edmonton Oilers , Kirill Marchenko 18 (Evan Bouchard 11, Ryan McLeod 20) at 5:59
4. Colorado Rockies , Darren Raddysh 4 (Danton Heinen 4, David Pastrnak 11) at 9:11

Penalties :
Troy Stecher (EDM) for Hooking (Minor) at 1:24, David Pastrnak (COL) for Tripping (Minor) at 2:08, Michael Bunting (COL) for Slashing (Minor) at 6:21, Jacob Trouba (EDM) for Goalie Interference (Minor) at 9:34, Michael Bunting (COL) for High sticking (Minor) at 12:04, Jacob Trouba (EDM) for Hooking (Minor) at 19:03

Goalie Stats

Arvid Soderblom (COL), 41 saves from 44 shots - (0.932), L, 2-4-0, 60:00 minutes
Karel Vejmelka (EDM), 27 saves from 28 shots - (0.964), W, 14-9-3, 60:00 minutes

Players Stats for Colorado Rockies

Player Name              G  A  P  +/- PIM S  H  SB GA TA FO     MP     PP MP  PK MP  
------------------------------------------------------------------------------------
Andrew Peeke             0  0  0   0  0   1  1  3  1  0  0/0    22:48   4:04   3:46 
Cam Fowler               0  0  0  -1  0   2  0  0  0  0  0/0    21:07   3:33   3:46 
Casey Cizikas            0  0  0   0  0   1  1  1  0  1  9/14   15:21   0:00   3:41 
Danton Heinen            0  1  1   0  0   1  3  0  0  0  0/0    11:22   0:00   0:05 
Darren Raddysh           1  0  1   1  0   2  1  3  0  3  0/0    21:53   3:33   4:21 
David Pastrnak           0  1  1   0  4   2  0  0  0  0  1/2    14:42   4:15   0:00 
Elias Pettersson         0  0  0   0  0   0  3  0  1  0  5/11   18:37   4:16   4:00 
Jesper Bratt             0  0  0   0  2   1  2  1  0  0  0/2    18:49   4:16   4:14 
Kevin Hayes              0  0  0   0  0   1  2  1  0  0  6/12   12:33   0:00   0:43 
Kyle Connor              0  0  0   0  0   5  0  1  1  1  0/1    14:55   3:21   0:00 
Martin Fehervary         0  0  0   1  0   2  1  0  0  0  0/0    16:47   0:00   0:32 
Michael Bunting          0  0  0   0  4   3  2  0  0  0  0/1    12:41   0:00   0:00 
Nick Schmaltz            0  0  0   0  0   2  2  1  0  0  0/2    14:12   0:00   4:25 
Pavel Dorofeyev          0  0  0   0  0   1  3  0  0  0  0/0    12:49   3:21   0:00 
Philipp Kurashev         0  0  0   0  0   0  0  1  0  0  1/1     9:50   0:00   0:00 
Quinn Hughes             0  0  0  -1  0   2  0  0  0  0  0/0    19:26   4:04   0:32 
Tim Stutzle              0  0  0   0  2   2  2  0  0  0  8/13   14:09   3:21   0:10 
Vince Dunn               0  0  0   0  0   0  1  2  0  1  0/0    17:59   0:00   4:21 

Players Stats for Edmonton Oilers

Player Name              G  A  P  +/- PIM S  H  SB GA TA FO     MP     PP MP  PK MP  
------------------------------------------------------------------------------------
Adrian Kempe             0  1  1   0  2   4  1  0  2  0  0/1    17:09   5:05   0:00 
Boone Jenner             0  0  0   0  0   1  3  2  0  0  10/13  12:46   0:01   0:00 
Brandon Carlo            0  0  0   0  0   4  3  2  0  0  0/0    24:14   4:44   3:34 
Brock Boeser             0  2  2   0  0   9  0  0  1  0  3/5    19:38   4:05   3:51 
Connor McMichael         0  1  1   0  0   3  1  1  1  0  7/12   14:42   3:33   0:00 
David Savard             0  0  0   1  0   0  3  2  0  0  0/0    23:23   3:55   4:03 
Dawson Mercer            0  0  0   0  0   5  1  1  0  0  0/0    13:40   0:01   0:27 
Derek Ryan               0  0  0   0  0   1  1  0  0  1  0/0     6:36   0:00   0:00 
Dylan Holloway           0  0  0   0  0   6  0  0  0  0  0/0    12:51   0:01   0:00 
Evan Bouchard            1  1  2   1  0   2  0  2  0  1  0/0    23:23   3:55   4:03 
Jacob Trouba             0  0  0   0  4   1  2  0  0  0  0/0    23:34   4:44   2:30 
Jake DeBrusk             1  0  1   0  0   3  3  0  1  0  0/0    18:27   3:33   3:45 
Kirill Marchenko         1  0  1   0  0   3  1  1  0  1  0/0    20:12   4:33   3:25 
Morgan Barron            0  0  0   0  0   0  1  0  0  0  0/3     7:19   0:00   0:21 
Ryan McLeod              0  1  1   0  0   0  5  0  0  0  9/23   20:12   4:33   3:25 
Scott Mayfield           0  0  0  -1  2   0  1  0  1  0  0/0    13:27   0:00   1:04 
Tanner Jeannot           0  0  0   0  0   1  1  0  0  0  0/2     6:36   0:00   0:00 
Troy Stecher             0  0  0  -1  2   1  1  1  0  0  0/0    12:54   0:32   0:00 

3 Stars

1 - Evan Bouchard (EDM)
2 - Karel Vejmelka (EDM)
3 - Jake DeBrusk (EDM)

Power Play

Colorado Rockies - 0 on 5 Attempt(s) - 0.00%
Edmonton Oilers - 2 on 6 Attempt(s) - 33.33%

Penalty Kill

Colorado Rockies - 4 on 6 Attempt(s) - 66.67% - Score 0 goal in Penalty Kill
Edmonton Oilers - 5 on 5 Attempt(s) - 100.00% - Score 0 goal in Penalty Kill

Team Stat

Colorado Rockies - Hits : 24 - Faceoff Wins : 30 - Blocked Shots : 14 - Penalty Minutes : 12
Edmonton Oilers - Hits : 28 - Faceoff Wins : 29 - Blocked Shots : 12 - Penalty Minutes : 10

Official

Referees : Pierre Lambert and Chris Rooney
Linesman : Brandon Gawryletz and Matt MacPherson

Game Notes

No Game Note

Finance

Level 1 -- Attendance: 5300 (88.33%) -- Ticket Income $477,000
Level 2 -- Attendance: 4472 (89.44%) -- Ticket Income $223,600
Level 3 -- Attendance: 3000 (100.00%) -- Ticket Income $90,000
Level 4 -- Attendance: 4325 (86.50%) -- Ticket Income $86,500
Luxury Box -- Attendance: 925 (92.50%) -- Ticket Income $175,750
Game was played at the Rexall Place.
Total Attendance: 18022 (90.11%)
Total Ticket Income: $1,052,850
Other Income: $368,498
Total Income: $1,421,348

Colorado Rockies

5 vs 5 Forward 
   Center                   Left Wing                Right Wing               Time % Phy DF OF 
 1 Elias Pettersson         Nick Schmaltz            Pavel Dorofeyev          25     3   1  1  
 2 Tim Stutzle              Jesper Bratt             Philipp Kurashev         25     1   3  1  
 3 Kevin Hayes              Kyle Connor              Michael Bunting          25     1   3  1  
 4 Casey Cizikas            Danton Heinen            David Pastrnak           25     1   3  1  

5 vs 5 Defense 
   Defense                  Defense                                           Time % Phy DF OF 
 1 Martin Fehervary         Darren Raddysh                                    33     1   0  4  
 2 Cam Fowler               Quinn Hughes                                      33     1   3  1  
 3 Vince Dunn               Andrew Peeke                                      33     3   1  1  
 4 Martin Fehervary         Quinn Hughes                                      1      1   2  2  

PowerPlay Forward 
   Center                   Left Wing                Right Wing               Time % Phy DF OF 
 1 Tim Stutzle              Kyle Connor              Pavel Dorofeyev          50     1   0  4  
 2 Elias Pettersson         Jesper Bratt             David Pastrnak           50     1   2  2  

PowerPlay Defense
   Defense                  Defense                                           Time % Phy DF OF 
 1 Andrew Peeke             Quinn Hughes                                      50     1   3  1  
 2 Cam Fowler               Darren Raddysh                                    50     1   2  2  

Penalty Kill 4 Players Forward 
   Center                   Wing                     Time % Phy DF OF 
 1 Nick Schmaltz            Jesper Bratt             50     1   2  2  
 2 Casey Cizikas            Elias Pettersson         50     1   2  2  

Penalty Kill 4 Players Defense
   Defense                  Defense                  Time % Phy DF OF 
 1 Vince Dunn               Darren Raddysh           50     1   2  2  
 2 Cam Fowler               Andrew Peeke             50     1   2  2  

Penalty Kill - 3 Players Forward 
   Forward                                           Time % Phy DF OF 
 1 Tim Stutzle                                       50     1   2  2  
 2 Casey Cizikas                                     50     1   2  2  

Penalty Kill - 3 Players Defense
   Defense                  Defense                  Time % Phy DF OF 
 1 Vince Dunn               Darren Raddysh           50     1   2  2  
 2 Cam Fowler               Andrew Peeke             50     1   2  2  

4 vs 4 Forward 
   Center                   Wing                     Time % Phy DF OF 
 1 Tim Stutzle              Casey Cizikas            50     1   2  2  
 2 Elias Pettersson         Danton Heinen            50     1   2  2  

4 vs 4 Defense
   Defense                  Defense                  Time % Phy DF OF 
 1 Martin Fehervary         Quinn Hughes             50     1   2  2  
 2 Cam Fowler               Andrew Peeke             50     1   2  2  

Last Minutes Offensive
   Center                   Left Wing                Right Wing               Defense                  Defense                  
   Tim Stutzle              Kyle Connor              David Pastrnak           Martin Fehervary         Darren Raddysh           

Last Minutes Defensive
   Center                   Left Wing                Right Wing               Defense                  Defense                  
   Tim Stutzle              Kyle Connor              David Pastrnak           Martin Fehervary         Darren Raddysh           

Goaltenders
Starting : Arvid Soderblom          
Backup : Joey Daccord             

Extra Forwards
Normal : Pavel Dorofeyev, Michael Bunting, Kevin Hayes - PP : Pavel Dorofeyev, Michael Bunting - PK : Kevin Hayes
Extra Defensemen
Normal : Vince Dunn, Darren Raddysh, Cam Fowler - PP : Vince Dunn - PK : Darren Raddysh, Cam Fowler
Penalty Shots
Tim Stutzle, David Pastrnak, Kyle Connor, Elias Pettersson, Jesper Bratt

Scratches
Daniil Tarasov (Healthy)

Edmonton Oilers

5 vs 5 Forward 
   Center                   Left Wing                Right Wing               Time % Phy DF OF 
 1 Ryan McLeod              Adrian Kempe             Kirill Marchenko         30     1   2  2  
 2 Connor McMichael         Jake DeBrusk             Brock Boeser             30     1   2  2  
 3 Boone Jenner             Dylan Holloway           Dawson Mercer            25     1   2  2  
 4 Morgan Barron            Tanner Jeannot           Derek Ryan               15     1   2  2  

5 vs 5 Defense 
   Defense                  Defense                                           Time % Phy DF OF 
 1 Jacob Trouba             Brandon Carlo                                     35     1   2  2  
 2 David Savard             Evan Bouchard                                     35     1   2  2  
 3 Troy Stecher             Scott Mayfield                                    30     1   2  2  
 4 Troy Stecher             Jacob Trouba                                      0      1   2  2  

PowerPlay Forward 
   Center                   Left Wing                Right Wing               Time % Phy DF OF 
 1 Ryan McLeod              Adrian Kempe             Kirill Marchenko         50     1   2  2  
 2 Connor McMichael         Jake DeBrusk             Brock Boeser             50     1   2  2  

PowerPlay Defense
   Defense                  Defense                                           Time % Phy DF OF 
 1 Jacob Trouba             Brandon Carlo                                     50     1   2  2  
 2 David Savard             Evan Bouchard                                     50     1   2  2  

Penalty Kill 4 Players Forward 
   Center                   Wing                     Time % Phy DF OF 
 1 Ryan McLeod              Kirill Marchenko         50     1   2  2  
 2 Brock Boeser             Jake DeBrusk             50     1   2  2  

Penalty Kill 4 Players Defense
   Defense                  Defense                  Time % Phy DF OF 
 1 Jacob Trouba             Brandon Carlo            50     1   2  2  
 2 David Savard             Evan Bouchard            50     1   2  2  

Penalty Kill - 3 Players Forward 
   Forward                                           Time % Phy DF OF 
 1 Brock Boeser                                      50     1   2  2  
 2 Kirill Marchenko                                  50     1   2  2  

Penalty Kill - 3 Players Defense
   Defense                  Defense                  Time % Phy DF OF 
 1 Jacob Trouba             Brandon Carlo            50     1   2  2  
 2 David Savard             Evan Bouchard            50     1   2  2  

4 vs 4 Forward 
   Center                   Wing                     Time % Phy DF OF 
 1 Ryan McLeod              Kirill Marchenko         50     1   2  2  
 2 Brock Boeser             Adrian Kempe             50     1   2  2  

4 vs 4 Defense
   Defense                  Defense                  Time % Phy DF OF 
 1 Jacob Trouba             Brandon Carlo            50     1   2  2  
 2 David Savard             Evan Bouchard            50     1   2  2  

Last Minutes Offensive
   Center                   Left Wing                Right Wing               Defense                  Defense                  
   Ryan McLeod              Adrian Kempe             Kirill Marchenko         Jacob Trouba             Brandon Carlo            

Last Minutes Defensive
   Center                   Left Wing                Right Wing               Defense                  Defense                  
   Ryan McLeod              Adrian Kempe             Kirill Marchenko         Jacob Trouba             Brandon Carlo            

Goaltenders
Starting : Karel Vejmelka           
Backup : Juuse Saros              

Extra Forwards
Normal : Dylan Holloway, Boone Jenner, Dawson Mercer - PP : Dylan Holloway, Boone Jenner - PK : Dawson Mercer
Extra Defensemen
Normal : Jacob Trouba, Scott Mayfield, Troy Stecher - PP : Jacob Trouba - PK : Scott Mayfield, Troy Stecher
Penalty Shots
Boone Jenner, Kirill Marchenko, Brock Boeser, Jake DeBrusk, Ryan McLeod

Scratches
Luke Hughes (Healthy), Brett Pesce (Healthy), Xavier Bourgault (Healthy), Jonathan Quick (Healthy)

% Time on Ice - Colorado Rockies

Lines # - Real PCT - Wanted PCT - Time Play
Normal Forward
1 - 23% - 25% - 9:52
2 - 24% - 25% - 10:06
3 - 28% - 25% - 11:45
4 - 25% - 25% - 10:46
Normal Defense
1 - 31% - 33% - 13:07
2 - 31% - 33% - 13:21
3 - 32% - 33% - 13:32
4 - 6% - 1% - 2:29
PP Forward
1 - 44% - 50% - 3:21
2 - 56% - 50% - 4:16
PP Defense
1 - 53% - 50% - 4:04
2 - 47% - 50% - 3:33
PK Forward
1 - 53% - 50% - 4:35
2 - 47% - 50% - 4:04
PK Defense
1 - 56% - 50% - 4:53
2 - 44% - 50% - 3:46
PK3 Forward
1 - 0% - 50%
2 - 0% - 50%
PK3 Defense
1 - 0% - 50%
2 - 0% - 50%
44 Forward
1 - 59% - 50% - 0:44
2 - 41% - 50% - 0:31
44 Defense
1 - 64% - 50% - 0:48
2 - 36% - 50% - 0:27
Last Minute Offensive  - 0:00
Last Minute Defensive  - 0:00
Total
Forward - 60:00
Defense - 60:00

% Time on Ice - Edmonton Oilers

Lines # - Real PCT - Wanted PCT - Time Play
Normal Forward
1 - 28% - 30% - 11:59
2 - 27% - 30% - 11:38
3 - 29% - 25% - 12:16
4 - 16% - 15% - 6:36
Normal Defense
1 - 36% - 35% - 15:18
2 - 35% - 35% - 14:48
3 - 29% - 30% - 12:23
4 - 0% - 0% - 0:00
PP Forward
1 - 53% - 50% - 4:33
2 - 47% - 50% - 4:06
PP Defense
1 - 55% - 50% - 4:44
2 - 45% - 50% - 3:55
PK Forward
1 - 49% - 50% - 3:46
2 - 51% - 50% - 3:51
PK Defense
1 - 47% - 50% - 3:34
2 - 53% - 50% - 4:03
PK3 Forward
1 - 0% - 50%
2 - 0% - 50%
PK3 Defense
1 - 0% - 50%
2 - 0% - 50%
44 Forward
1 - 56% - 50% - 0:42
2 - 44% - 50% - 0:33
44 Defense
1 - 51% - 50% - 0:38
2 - 49% - 50% - 0:37
Last Minute Offensive  - 0:00
Last Minute Defensive  - 0:00
Total
Forward - 60:00
Defense - 60:00

Play-by-Play

1st period


0:01 of 1st period - Elias Pettersson wins face-off versus Ryan McLeod in neutral zone.
0:32 of 1st period - Backhand shot by Tim Stutzle.
0:32 of 1st period - Deflect By Brock Boeser.
0:32 of 1st period - Shot Misses the Net.
0:32 of 1st period - Puck is out of play.
0:33 of 1st period - Tim Stutzle wins face-off versus Connor McMichael in Edmonton Oilers zone.
0:47 of 1st period - Snap shot by Connor McMichael.
0:47 of 1st period - Stopped by Arvid Soderblom without a rebound.
0:48 of 1st period - Boone Jenner wins face-off versus Kevin Hayes in Colorado Rockies zone.
0:49 of 1st period - Snap shot by Dylan Holloway.
0:49 of 1st period - Shot Blocked by Andrew Peeke.
0:57 of 1st period - Wrist shot by Kyle Connor.
0:57 of 1st period - Stopped by Karel Vejmelka with a rebound.
0:59 of 1st period - Snap shot by Andrew Peeke.
0:59 of 1st period - Deflect By Dawson Mercer.
0:59 of 1st period - Stopped by Karel Vejmelka with a rebound.
1:01 of 1st period - Snap shot by Andrew Peeke.
1:01 of 1st period - Shot Blocked by Troy Stecher.
1:03 of 1st period - Slapshot by Vince Dunn.
1:03 of 1st period - Shot Blocked by Dawson Mercer.
1:13 of 1st period - Casey Cizikas is hit by Scott Mayfield.
1:34 of 1st period - Wrist shot by Elias Pettersson.
1:34 of 1st period - Shot Misses the Net.
1:36 of 1st period - Slapshot by Cam Fowler.
1:36 of 1st period - Stopped by Karel Vejmelka without a rebound.
1:37 of 1st period - Connor McMichael wins face-off versus Kevin Hayes in Edmonton Oilers zone.
1:58 of 1st period - Wrist shot by Connor McMichael.
1:58 of 1st period - Stopped by Arvid Soderblom without a rebound.
1:59 of 1st period - Casey Cizikas wins face-off versus Ryan McLeod in Colorado Rockies zone.
2:32 of 1st period - Boone Jenner is hit by Jesper Bratt and loses puck.
3:10 of 1st period - Wrist shot by Jake DeBrusk.
3:10 of 1st period - Shot Misses the Net.
3:28 of 1st period - Danton Heinen is hit by Adrian Kempe and loses puck.
3:35 of 1st period - Adrian Kempe is hit by Martin Fehervary and loses puck.
3:56 of 1st period - Slapshot by Dawson Mercer.
3:56 of 1st period - Stopped by Arvid Soderblom without a rebound.
3:57 of 1st period - Boone Jenner wins face-off versus David Pastrnak in Colorado Rockies zone.
4:04 of 1st period - Wrist shot by Dylan Holloway.
4:04 of 1st period - Shot Misses the Net.
4:06 of 1st period - Slapshot by Brandon Carlo.
4:06 of 1st period - Stopped by Arvid Soderblom with a rebound.
4:08 of 1st period - Slapshot by Brandon Carlo.
4:08 of 1st period - Stopped by Arvid Soderblom with a rebound.
4:10 of 1st period - Snap shot by Dawson Mercer.
4:10 of 1st period - Stopped by Arvid Soderblom without a rebound.
4:11 of 1st period - Tim Stutzle wins face-off versus Ryan McLeod in Colorado Rockies zone.
6:18 of 1st period - Wrist shot by Kyle Connor.
6:18 of 1st period - Stopped by Karel Vejmelka without a rebound.
6:19 of 1st period - Kevin Hayes wins face-off versus Tanner Jeannot in Edmonton Oilers zone.
6:28 of 1st period - Wrist shot by Kyle Connor.
6:28 of 1st period - Stopped by Karel Vejmelka without a rebound.
6:29 of 1st period - Boone Jenner wins face-off versus Casey Cizikas in Edmonton Oilers zone.
7:34 of 1st period - Minor Penalty to Tim Stutzle for Tripping.
7:35 of 1st period - Ryan McLeod wins face-off versus Casey Cizikas in Colorado Rockies zone.
9:34 of 1st period - Penalty to Tim Stutzle is over, Tim Stutzle is back on ice.
9:39 of 1st period - Martin Fehervary is hit by Jacob Trouba and loses puck.
9:53 of 1st period - Kevin Hayes is hit by Boone Jenner and loses puck.
10:08 of 1st period - Casey Cizikas is hit by Tanner Jeannot and loses puck.
11:01 of 1st period - Jacob Trouba is hit by Nick Schmaltz and loses puck.
11:08 of 1st period - Nick Schmaltz is hit by Kirill Marchenko and loses puck.
11:19 of 1st period - Snap shot by Dylan Holloway.
11:19 of 1st period - Deflect By Elias Pettersson.
11:19 of 1st period - Shot Blocked by Andrew Peeke.
11:19 of 1st period - Puck is out of play.
11:20 of 1st period - Boone Jenner wins face-off versus Kevin Hayes in Colorado Rockies zone.
11:21 of 1st period - Snap shot by Dylan Holloway.
11:21 of 1st period - Stopped by Arvid Soderblom with a rebound.
11:35 of 1st period - Minor Penalty to Scott Mayfield for Cross-checking.
11:36 of 1st period - Ryan McLeod wins face-off versus Tim Stutzle in Edmonton Oilers zone.
12:44 of 1st period - Jacob Trouba is hit by Pavel Dorofeyev and loses puck.
13:35 of 1st period - Penalty to Scott Mayfield is over, Scott Mayfield is back on ice.
13:41 of 1st period - Troy Stecher is hit by Danton Heinen.
13:49 of 1st period - Snap shot by Dawson Mercer.
13:49 of 1st period - Shot Misses the Net.
14:50 of 1st period - Martin Fehervary is hit by Jake DeBrusk and loses puck.
15:14 of 1st period - Vince Dunn is hit by Ryan McLeod and loses puck.
15:40 of 1st period - Snap shot by Tim Stutzle.
15:40 of 1st period - Shot Blocked by Evan Bouchard.
15:54 of 1st period - Darren Raddysh is hit by Boone Jenner and loses puck.
17:00 of 1st period - Morgan Barron is hit by Kevin Hayes and loses puck.
17:13 of 1st period - Snap shot by Adrian Kempe.
17:13 of 1st period - Shot Misses the Net.
17:15 of 1st period - Wrist shot by Ryan McLeod.
17:15 of 1st period - Shot Misses the Net.
17:17 of 1st period - Snap shot by Adrian Kempe.
17:17 of 1st period - Shot Blocked by Andrew Peeke.
17:19 of 1st period - Wrist shot by Kirill Marchenko.
17:19 of 1st period - Stopped by Arvid Soderblom without a rebound.
17:20 of 1st period - Connor McMichael wins face-off versus Casey Cizikas in Colorado Rockies zone.
17:27 of 1st period - Slapshot by Connor McMichael.
17:27 of 1st period - Shot Misses the Net.
17:29 of 1st period - Snap shot by Jake DeBrusk.
17:29 of 1st period - Shot Misses the Net.
17:31 of 1st period - Snap shot by Connor McMichael.
17:31 of 1st period - Stopped by Arvid Soderblom with a rebound.
17:33 of 1st period - Slapshot by Connor McMichael.
17:33 of 1st period - Shot Blocked by Casey Cizikas.
17:35 of 1st period - Slapshot by Jake DeBrusk.
17:35 of 1st period - Stopped by Arvid Soderblom with a rebound.
17:45 of 1st period - Andrew Peeke is hit by Boone Jenner and loses puck.
17:52 of 1st period - Wrist shot by Dylan Holloway.
17:52 of 1st period - Shot Blocked by Vince Dunn.
17:56 of 1st period - Wrist shot by Boone Jenner.
17:56 of 1st period - Deflect By Dawson Mercer.
17:56 of 1st period - Shot Misses the Net.
17:56 of 1st period - Puck is out of play.
17:57 of 1st period - Ryan McLeod wins face-off versus Elias Pettersson in Colorado Rockies zone.
18:30 of 1st period - Snap shot by Brock Boeser.
18:30 of 1st period - Shot Misses the Net.
18:32 of 1st period - Slapshot by Troy Stecher.
18:32 of 1st period - Deflect By Brock Boeser.
18:32 of 1st period - Stopped by Arvid Soderblom without a rebound.
18:33 of 1st period - Kevin Hayes wins face-off versus Boone Jenner in Colorado Rockies zone.
18:38 of 1st period - Slapshot by Michael Bunting.
18:38 of 1st period - Stopped by Karel Vejmelka with a rebound.
18:40 of 1st period - Slapshot by Michael Bunting.
18:40 of 1st period - Shot Misses the Net.
18:44 of 1st period - Slapshot by Kyle Connor.
18:44 of 1st period - Stopped by Karel Vejmelka with a rebound.
18:58 of 1st period - Nick Schmaltz is hit by David Savard.
19:20 of 1st period - Snap shot by Brock Boeser.
19:20 of 1st period - Shot Blocked by Vince Dunn.
19:28 of 1st period - Snap shot by Brock Boeser.
19:28 of 1st period - Stopped by Arvid Soderblom with a rebound.
19:38 of 1st period - David Pastrnak is hit by Morgan Barron.
19:55 of 1st period - Icing by Casey Cizikas.
19:56 of 1st period - Casey Cizikas wins face-off versus Boone Jenner in Colorado Rockies zone.
Goals for this period are 0 for Colorado Rockies vs 0 for Edmonton Oilers.
Shots for this period are 7 for Colorado Rockies vs 12 for Edmonton Oilers.

2nd period


0:01 of 2nd period - Ryan McLeod wins face-off versus Elias Pettersson in neutral zone.
0:31 of 2nd period - Jacob Trouba is hit by Elias Pettersson and loses puck.
0:48 of 2nd period - Wrist shot by Evan Bouchard.
0:48 of 2nd period - Deflect By Derek Ryan.
0:48 of 2nd period - Shot Misses the Net.
0:48 of 2nd period - Puck is out of play.
0:49 of 2nd period - Philipp Kurashev wins face-off versus Morgan Barron in Colorado Rockies zone.
1:00 of 2nd period - Backhand shot by Evan Bouchard.
1:00 of 2nd period - Shot Blocked by Darren Raddysh.
1:02 of 2nd period - Wrist shot by Tanner Jeannot.
1:02 of 2nd period - Stopped by Arvid Soderblom without a rebound.
1:03 of 2nd period - Kevin Hayes wins face-off versus Ryan McLeod in Colorado Rockies zone.
1:12 of 2nd period - Wrist shot by Adrian Kempe.
1:12 of 2nd period - Shot Blocked by Kevin Hayes.
1:14 of 2nd period - Wrist shot by Brandon Carlo.
1:14 of 2nd period - Shot Blocked by Kyle Connor.
1:16 of 2nd period - Wrist shot by Adrian Kempe.
1:16 of 2nd period - Deflect By Kirill Marchenko.
1:16 of 2nd period - Stopped by Arvid Soderblom without a rebound.
1:17 of 2nd period - Connor McMichael wins face-off versus Tim Stutzle in Colorado Rockies zone.
1:46 of 2nd period - Snap shot by Kyle Connor.
1:46 of 2nd period - Stopped by Karel Vejmelka with a rebound.
1:52 of 2nd period - Snap shot by Kirill Marchenko.
1:52 of 2nd period - Shot Misses the Net.
2:12 of 2nd period - Slapshot by David Pastrnak.
2:12 of 2nd period - Shot Misses the Net.
2:14 of 2nd period - Slapshot by Martin Fehervary.
2:14 of 2nd period - Deflect By Dawson Mercer.
2:14 of 2nd period - Stopped by Karel Vejmelka without a rebound.
2:15 of 2nd period - Casey Cizikas wins face-off versus Connor McMichael in Edmonton Oilers zone.
2:22 of 2nd period - Wrist shot by David Pastrnak.
2:22 of 2nd period - Shot Blocked by Connor McMichael.
2:24 of 2nd period - Snap shot by Casey Cizikas.
2:24 of 2nd period - Shot Hit the Post.
2:26 of 2nd period - Slapshot by Cam Fowler.
2:26 of 2nd period - Stopped by Karel Vejmelka without a rebound.
2:27 of 2nd period - Ryan McLeod wins face-off versus Jesper Bratt in Edmonton Oilers zone.
2:33 of 2nd period - Minor Penalty to Jesper Bratt for Slashing.
2:34 of 2nd period - Connor McMichael wins face-off versus Nick Schmaltz in Colorado Rockies zone.
2:44 of 2nd period - Snap shot by Jake DeBrusk.
2:44 of 2nd period - Goal by Jake DeBrusk - Colorado Rockies : 0 - Edmonton Oilers : 1.
2:45 of 2nd period - Ryan McLeod wins face-off versus Elias Pettersson in neutral zone.
2:48 of 2nd period - Elias Pettersson is hit by Brandon Carlo and loses puck.
3:11 of 2nd period - Quinn Hughes is hit by Brandon Carlo and loses puck.
3:22 of 2nd period - Wrist shot by Nick Schmaltz.
3:22 of 2nd period - Stopped by Karel Vejmelka with a rebound.
4:11 of 2nd period - Wrist shot by Elias Pettersson.
4:11 of 2nd period - Deflect By Nick Schmaltz.
4:11 of 2nd period - Stopped by Karel Vejmelka with a rebound.
4:19 of 2nd period - Snap shot by Dylan Holloway.
4:19 of 2nd period - Stopped by Arvid Soderblom without a rebound.
4:20 of 2nd period - Tim Stutzle wins face-off versus Connor McMichael in Colorado Rockies zone.
5:46 of 2nd period - Kyle Connor is hit by Ryan McLeod and loses puck.
6:03 of 2nd period - Snap shot by David Pastrnak.
6:03 of 2nd period - Shot Hit the Post.
6:53 of 2nd period - Snap shot by Adrian Kempe.
6:53 of 2nd period - Shot Blocked by Philipp Kurashev.
7:12 of 2nd period - Icing by Evan Bouchard.
7:13 of 2nd period - Connor McMichael wins face-off versus Kyle Connor in Edmonton Oilers zone.
7:54 of 2nd period - Snap shot by Adrian Kempe.
7:54 of 2nd period - Stopped by Arvid Soderblom with a rebound.
8:01 of 2nd period - Minor Penalty to Adrian Kempe for Tripping.
8:02 of 2nd period - Brock Boeser wins face-off versus Tim Stutzle in Edmonton Oilers zone.
8:17 of 2nd period - Snap shot by Kyle Connor.
8:17 of 2nd period - Shot Misses the Net.
8:19 of 2nd period - Wrist shot by Darren Raddysh.
8:19 of 2nd period - Shot Hit the Post.
9:00 of 2nd period - Evan Bouchard is hit by Tim Stutzle and loses puck.
9:43 of 2nd period - Brock Boeser is hit by Pavel Dorofeyev and loses puck.
10:01 of 2nd period - Penalty to Adrian Kempe is over, Adrian Kempe is back on ice.
10:09 of 2nd period - Slapshot by Adrian Kempe.
10:09 of 2nd period - Stopped by Arvid Soderblom without a rebound.
10:10 of 2nd period - Boone Jenner wins face-off versus Kevin Hayes in Colorado Rockies zone.
10:11 of 2nd period - Wrist shot by Dawson Mercer.
10:11 of 2nd period - Stopped by Arvid Soderblom with a rebound.
10:14 of 2nd period - Icing by Martin Fehervary.
10:15 of 2nd period - Boone Jenner wins face-off versus Kevin Hayes in Colorado Rockies zone.
10:26 of 2nd period - Snap shot by Kyle Connor.
10:26 of 2nd period - Deflect By Kevin Hayes.
10:26 of 2nd period - Stopped by Karel Vejmelka with a rebound.
11:41 of 2nd period - Michael Bunting is hit by Dawson Mercer and loses puck.
12:06 of 2nd period - Snap shot by Jake DeBrusk.
12:06 of 2nd period - Shot Blocked by Jesper Bratt.
12:08 of 2nd period - Slapshot by Brock Boeser.
12:08 of 2nd period - Stopped by Arvid Soderblom with a rebound.
12:10 of 2nd period - Snap shot by Jake DeBrusk.
12:10 of 2nd period - Stopped by Arvid Soderblom without a rebound.
12:11 of 2nd period - Ryan McLeod wins face-off versus Elias Pettersson in Colorado Rockies zone.
12:23 of 2nd period - Off-side.
12:24 of 2nd period - Brock Boeser wins face-off versus Tim Stutzle in neutral zone.
12:51 of 2nd period - Kirill Marchenko is hit by Danton Heinen and loses puck.
13:56 of 2nd period - Evan Bouchard is hit by Jesper Bratt and loses puck.
14:03 of 2nd period - Snap shot by Tim Stutzle.
14:03 of 2nd period - Stopped by Karel Vejmelka with a rebound.
14:19 of 2nd period - David Pastrnak is hit by David Savard and loses puck.
14:34 of 2nd period - David Savard is hit by Michael Bunting and loses puck.
14:43 of 2nd period - Snap shot by Michael Bunting.
14:43 of 2nd period - Stopped by Karel Vejmelka with a rebound.
14:50 of 2nd period - Icing by David Savard.
14:51 of 2nd period - Boone Jenner wins face-off versus Elias Pettersson in Edmonton Oilers zone.
15:04 of 2nd period - Wrist shot by Evan Bouchard.
15:04 of 2nd period - Shot Misses the Net.
15:06 of 2nd period - Wrist shot by Brock Boeser.
15:06 of 2nd period - Stopped by Arvid Soderblom without a rebound.
15:07 of 2nd period - Tim Stutzle wins face-off versus Ryan McLeod in Colorado Rockies zone.
15:42 of 2nd period - Nick Schmaltz is hit by Ryan McLeod and loses puck.
15:49 of 2nd period - Slapshot by Adrian Kempe.
15:49 of 2nd period - Deflect By Kirill Marchenko.
15:49 of 2nd period - Shot Misses the Net.
15:49 of 2nd period - Puck is out of play.
15:50 of 2nd period - Connor McMichael wins face-off versus Casey Cizikas in Colorado Rockies zone.
16:00 of 2nd period - Brock Boeser is hit by Darren Raddysh and loses puck.
16:17 of 2nd period - Brock Boeser is hit by Tim Stutzle and loses puck.
16:32 of 2nd period - Wrist shot by Brock Boeser.
16:32 of 2nd period - Stopped by Arvid Soderblom with a rebound.
16:34 of 2nd period - Wrist shot by Connor McMichael.
16:34 of 2nd period - Shot Misses the Net.
16:50 of 2nd period - Kyle Connor is hit by Brandon Carlo and loses puck.
16:55 of 2nd period - Wrist shot by Boone Jenner.
16:55 of 2nd period - Stopped by Arvid Soderblom with a rebound.
16:57 of 2nd period - Snap shot by Dawson Mercer.
16:57 of 2nd period - Stopped by Arvid Soderblom without a rebound.
16:58 of 2nd period - Casey Cizikas wins face-off versus Ryan McLeod in Colorado Rockies zone.
17:00 of 2nd period - Minor Penalty to David Pastrnak for Tripping.
17:01 of 2nd period - Casey Cizikas wins face-off versus Ryan McLeod in Colorado Rockies zone.
17:57 of 2nd period - Snap shot by Elias Pettersson.
17:57 of 2nd period - Deflect By Casey Cizikas.
17:57 of 2nd period - Stopped by Karel Vejmelka with a rebound.
18:05 of 2nd period - Evan Bouchard is hit by Elias Pettersson and loses puck.
19:00 of 2nd period - Penalty to David Pastrnak is over, David Pastrnak is back on ice.
19:08 of 2nd period - Slapshot by Cam Fowler.
19:08 of 2nd period - Shot Blocked by Boone Jenner.
19:10 of 2nd period - Snap shot by Martin Fehervary.
19:10 of 2nd period - Shot Misses the Net.
19:12 of 2nd period - Slapshot by Martin Fehervary.
19:12 of 2nd period - Stopped by Karel Vejmelka with a rebound.
Goals for this period are 0 for Colorado Rockies vs 1 for Edmonton Oilers.
Shots for this period are 10 for Colorado Rockies vs 13 for Edmonton Oilers.

3rd period


0:01 of 3rd period - Casey Cizikas wins face-off versus Connor McMichael in neutral zone.
0:26 of 3rd period - Adrian Kempe is hit by Nick Schmaltz and loses puck.
0:35 of 3rd period - Snap shot by Pavel Dorofeyev.
0:35 of 3rd period - Shot Blocked by Brandon Carlo.
0:51 of 3rd period - Slapshot by Boone Jenner.
0:51 of 3rd period - Deflect By Kyle Connor.
0:51 of 3rd period - Shot Blocked by Darren Raddysh.
0:51 of 3rd period - Puck is out of play.
0:52 of 3rd period - Kevin Hayes wins face-off versus Brock Boeser in Colorado Rockies zone.
1:18 of 3rd period - Troy Stecher is hit by Andrew Peeke and loses puck.
1:24 of 3rd period - Minor Penalty to Troy Stecher for Hooking.
1:25 of 3rd period - Ryan McLeod wins face-off versus Elias Pettersson in Edmonton Oilers zone.
1:37 of 3rd period - Snap shot by Jesper Bratt.
1:37 of 3rd period - Shot Blocked by David Savard.
1:39 of 3rd period - Snap shot by David Pastrnak.
1:39 of 3rd period - Stopped by Karel Vejmelka without a rebound.
1:40 of 3rd period - Tim Stutzle wins face-off versus Ryan McLeod in Edmonton Oilers zone.
1:43 of 3rd period - Wrist shot by Tim Stutzle.
1:43 of 3rd period - Shot Blocked by Kirill Marchenko.
2:08 of 3rd period - Minor Penalty to David Pastrnak for Tripping.
2:09 of 3rd period - Tim Stutzle wins face-off versus Ryan McLeod in Colorado Rockies zone.
2:14 of 3rd period - Ryan McLeod is hit by Casey Cizikas and loses puck.
2:23 of 3rd period - Slapshot by Quinn Hughes.
2:23 of 3rd period - Deflect By Ryan McLeod.
2:23 of 3rd period - Stopped by Karel Vejmelka with a rebound.
2:25 of 3rd period - Slapshot by Quinn Hughes.
2:25 of 3rd period - Shot Blocked by Brandon Carlo.
2:35 of 3rd period - Martin Fehervary is hit by Jacob Trouba and loses puck.
2:40 of 3rd period - Slapshot by Brock Boeser.
2:40 of 3rd period - Stopped by Arvid Soderblom with a rebound.
2:42 of 3rd period - Snap shot by Adrian Kempe.
2:42 of 3rd period - Stopped by Arvid Soderblom with a rebound.
2:44 of 3rd period - Snap shot by Adrian Kempe.
2:44 of 3rd period - Shot Misses the Net.
2:46 of 3rd period - Snap shot by Brock Boeser.
2:46 of 3rd period - Deflect By Quinn Hughes.
2:46 of 3rd period - Shot Misses the Net.
2:46 of 3rd period - Puck is out of play.
2:47 of 3rd period - Ryan McLeod wins face-off versus Tim Stutzle in Colorado Rockies zone.
3:24 of 3rd period - Penalty to Troy Stecher is over, Troy Stecher is back on ice.
3:47 of 3rd period - Slapshot by Adrian Kempe.
3:47 of 3rd period - Deflect By Brock Boeser.
3:47 of 3rd period - Stopped by Arvid Soderblom with a rebound.
3:49 of 3rd period - Slapshot by Evan Bouchard.
3:49 of 3rd period - Shot Blocked by Nick Schmaltz.
3:51 of 3rd period - Snap shot by Brock Boeser.
3:51 of 3rd period - Shot Hit the Post.
3:53 of 3rd period - Snap shot by Adrian Kempe.
3:53 of 3rd period - Stopped by Arvid Soderblom with a rebound.
3:55 of 3rd period - Slapshot by Evan Bouchard.
3:55 of 3rd period - Goal by Evan Bouchard - Colorado Rockies : 0 - Edmonton Oilers : 2.
3:56 of 3rd period - Elias Pettersson wins face-off versus Boone Jenner in neutral zone.
3:59 of 3rd period - Dawson Mercer is hit by Elias Pettersson and loses puck.
4:47 of 3rd period - Jesper Bratt is hit by Ryan McLeod and loses puck.
4:59 of 3rd period - Icing by Cam Fowler.
5:00 of 3rd period - Connor McMichael wins face-off versus Jesper Bratt in Colorado Rockies zone.
5:17 of 3rd period - Snap shot by Tim Stutzle.
5:17 of 3rd period - Stopped by Karel Vejmelka with a rebound.
5:23 of 3rd period - Snap shot by Jesper Bratt.
5:23 of 3rd period - Stopped by Karel Vejmelka without a rebound.
5:24 of 3rd period - Elias Pettersson wins face-off versus Ryan McLeod in Edmonton Oilers zone.
5:37 of 3rd period - Snap shot by Elias Pettersson.
5:37 of 3rd period - Shot Blocked by Evan Bouchard.
5:39 of 3rd period - Wrist shot by Pavel Dorofeyev.
5:39 of 3rd period - Stopped by Karel Vejmelka with a rebound.
5:41 of 3rd period - Snap shot by Pavel Dorofeyev.
5:41 of 3rd period - Shot Misses the Net.
5:59 of 3rd period - Snap shot by Kirill Marchenko.
5:59 of 3rd period - Goal by Kirill Marchenko - Colorado Rockies : 0 - Edmonton Oilers : 3.
6:00 of 3rd period - Kevin Hayes wins face-off versus Connor McMichael in neutral zone.
6:15 of 3rd period - Slapshot by Brock Boeser.
6:15 of 3rd period - Stopped by Arvid Soderblom with a rebound.
6:21 of 3rd period - Minor Penalty to Michael Bunting for Slashing.
6:22 of 3rd period - Casey Cizikas wins face-off versus Ryan McLeod in Colorado Rockies zone.
6:22 of 3rd period - Casey Cizikas is hit by Ryan McLeod.
8:06 of 3rd period - Brandon Carlo is hit by Vince Dunn and loses puck.
8:21 of 3rd period - Penalty to Michael Bunting is over, Michael Bunting is back on ice.
8:40 of 3rd period - Wrist shot by Dylan Holloway.
8:40 of 3rd period - Stopped by Arvid Soderblom with a rebound.
8:42 of 3rd period - Slapshot by Dylan Holloway.
8:42 of 3rd period - Shot Misses the Net.
8:44 of 3rd period - Slapshot by Boone Jenner.
8:44 of 3rd period - Deflect By Michael Bunting.
8:44 of 3rd period - Shot Misses the Net.
8:44 of 3rd period - Puck is out of play.
8:45 of 3rd period - Kevin Hayes wins face-off versus Morgan Barron in Colorado Rockies zone.
8:50 of 3rd period - Derek Ryan is hit by Michael Bunting and loses puck.
8:57 of 3rd period - Slapshot by Michael Bunting.
8:57 of 3rd period - Stopped by Karel Vejmelka without a rebound.
8:58 of 3rd period - David Pastrnak wins face-off versus Adrian Kempe in Edmonton Oilers zone.
9:07 of 3rd period - Snap shot by Danton Heinen.
9:07 of 3rd period - Stopped by Karel Vejmelka with a rebound.
9:09 of 3rd period - Slapshot by Darren Raddysh.
9:09 of 3rd period - Shot Misses the Net.
9:11 of 3rd period - Slapshot by Darren Raddysh.
9:11 of 3rd period - Goal by Darren Raddysh - Colorado Rockies : 1 - Edmonton Oilers : 3.
9:12 of 3rd period - Tim Stutzle wins face-off versus Brock Boeser in neutral zone.
9:12 of 3rd period - Tim Stutzle is hit by Connor McMichael.
9:34 of 3rd period - Minor Penalty to Jacob Trouba for Goalie Interference.
9:35 of 3rd period - Elias Pettersson wins face-off versus Ryan McLeod in Edmonton Oilers zone.
9:48 of 3rd period - Wrist shot by Elias Pettersson.
9:48 of 3rd period - Shot Blocked by David Savard.
9:52 of 3rd period - Snap shot by David Pastrnak.
9:52 of 3rd period - Stopped by Karel Vejmelka with a rebound.
11:07 of 3rd period - Pavel Dorofeyev is hit by Jake DeBrusk and loses puck.
11:34 of 3rd period - Penalty to Jacob Trouba is over, Jacob Trouba is back on ice.
11:43 of 3rd period - Slapshot by Evan Bouchard.
11:43 of 3rd period - Stopped by Arvid Soderblom with a rebound.
11:49 of 3rd period - Casey Cizikas is hit by David Savard.
12:04 of 3rd period - Minor Penalty to Michael Bunting for High sticking.
12:05 of 3rd period - Casey Cizikas wins face-off versus Ryan McLeod in Colorado Rockies zone.
13:23 of 3rd period - Snap shot by Kirill Marchenko.
13:23 of 3rd period - Shot Misses the Net.
13:25 of 3rd period - Slapshot by Brandon Carlo.
13:25 of 3rd period - Stopped by Arvid Soderblom without a rebound.
13:26 of 3rd period - Brock Boeser wins face-off versus Nick Schmaltz in Colorado Rockies zone.
14:04 of 3rd period - Penalty to Michael Bunting is over, Michael Bunting is back on ice.
14:18 of 3rd period - Snap shot by Boone Jenner.
14:18 of 3rd period - Shot Misses the Net.
14:20 of 3rd period - Snap shot by Dylan Holloway.
14:20 of 3rd period - Stopped by Arvid Soderblom with a rebound.
14:22 of 3rd period - Wrist shot by Dylan Holloway.
14:22 of 3rd period - Stopped by Arvid Soderblom with a rebound.
14:24 of 3rd period - Slapshot by Troy Stecher.
14:24 of 3rd period - Stopped by Arvid Soderblom without a rebound.
14:25 of 3rd period - Tim Stutzle wins face-off versus Morgan Barron in Colorado Rockies zone.
14:50 of 3rd period - Kyle Connor is hit by Troy Stecher.
14:58 of 3rd period - Slapshot by Darren Raddysh.
14:58 of 3rd period - Stopped by Karel Vejmelka with a rebound.
15:00 of 3rd period - Snap shot by Kevin Hayes.
15:00 of 3rd period - Shot Misses the Net.
15:26 of 3rd period - Jacob Trouba is hit by Pavel Dorofeyev.
16:42 of 3rd period - Michael Bunting is hit by Jake DeBrusk and loses puck.
16:51 of 3rd period - Slapshot by Brock Boeser.
16:51 of 3rd period - Stopped by Arvid Soderblom without a rebound.
16:52 of 3rd period - Boone Jenner wins face-off versus Casey Cizikas in Colorado Rockies zone.
16:59 of 3rd period - Snap shot by Boone Jenner.
16:59 of 3rd period - Shot Misses the Net.
17:05 of 3rd period - Troy Stecher is hit by Danton Heinen and loses puck.
17:18 of 3rd period - Michael Bunting is hit by Derek Ryan and loses puck.
17:23 of 3rd period - Wrist shot by Morgan Barron.
17:23 of 3rd period - Shot Misses the Net.
17:25 of 3rd period - Slapshot by David Savard.
17:25 of 3rd period - Shot Blocked by Darren Raddysh.
17:27 of 3rd period - Slapshot by Derek Ryan.
17:27 of 3rd period - Stopped by Arvid Soderblom without a rebound.
17:28 of 3rd period - Casey Cizikas wins face-off versus Tanner Jeannot in Colorado Rockies zone.
17:53 of 3rd period - Dylan Holloway is hit by Kevin Hayes and loses puck.
18:00 of 3rd period - Wrist shot by Quinn Hughes.
18:00 of 3rd period - Stopped by Karel Vejmelka without a rebound.
18:01 of 3rd period - Boone Jenner wins face-off versus Kevin Hayes in Edmonton Oilers zone.
18:08 of 3rd period - Wrist shot by Dylan Holloway.
18:08 of 3rd period - Deflect By Dawson Mercer.
18:08 of 3rd period - Shot Misses the Net.
18:08 of 3rd period - Puck is out of play.
18:09 of 3rd period - Boone Jenner wins face-off versus Michael Bunting in Colorado Rockies zone.
18:12 of 3rd period - Snap shot by Dylan Holloway.
18:12 of 3rd period - Stopped by Arvid Soderblom with a rebound.
18:14 of 3rd period - Slapshot by Dylan Holloway.
18:14 of 3rd period - Shot Misses the Net.
18:16 of 3rd period - Slapshot by Jacob Trouba.
18:16 of 3rd period - Deflect By Kyle Connor.
18:16 of 3rd period - Stopped by Arvid Soderblom with a rebound.
18:18 of 3rd period - Wrist shot by Dawson Mercer.
18:18 of 3rd period - Shot Misses the Net.
18:20 of 3rd period - Snap shot by Dawson Mercer.
18:20 of 3rd period - Stopped by Arvid Soderblom with a rebound.
18:22 of 3rd period - Wrist shot by Brandon Carlo.
18:22 of 3rd period - Stopped by Arvid Soderblom with a rebound.
18:40 of 3rd period - Snap shot by Michael Bunting.
18:40 of 3rd period - Shot Blocked by Boone Jenner.
19:03 of 3rd period - Minor Penalty to Jacob Trouba for Hooking.
19:04 of 3rd period - Elias Pettersson wins face-off versus Ryan McLeod in Edmonton Oilers zone.
19:20 of 3rd period - Snap shot by Jesper Bratt.
19:20 of 3rd period - Shot Misses the Net.
Goals for this period are 1 for Colorado Rockies vs 2 for Edmonton Oilers.
Shots for this period are 11 for Colorado Rockies vs 19 for Edmonton Oilers.